AoeStats
← FLY_galen . CQ

Arena

512419307Analyzed
4v4 RM · 7d ago on Oct 9, 2026· 42m 30s· 8 players
Game mode
Random Map
Map size
Large (8 player)
Population
200
Speed
Normal
Resources
Standard
Victory
Conquest
Starting age
Dark Age
Ending age
Imperial Age
RankedLock teamsTeams togetherTeam positionsShared explorationLock speedFull tech treeHidden civsTurbo modeCheats
Victory
Defeat
🇪🇸 Malians · Spain
2002
+6
🇪🇸 Teutons · Spain
1943
+8
🇪🇸 Japanese · Spain
1553
+23
🇦🇷 Poles · Argentina
1418
+26
vs
🇮🇹 Wei · Italy
1889
-22
🇮🇹 Sicilians · Italy
1700
-15
🇮🇹 Romans · Italy
1661
-13
🇮🇹 Mapuche · Italy
1653
-13
Null
10:10 Feudal Age
14:07 Castle Age
12:06 Double-Bit Axe
12:05 Horse Collar
15:37 Bow Saw
19:57 Heavy Plow
20:40 Gold Mining
22:13 Wheelbarrow
21:57 Loom
22:32 Scale Barding Armor
23:58 Hand Cart
23:53 Husbandry
25:23 Bloodlines
30:59 Imperial Age
28:26 Fletching
29:39 Padded Archer Armor
29:51 Bodkin Arrow
30:35 Gold Shaft Mining
29:58 Stone Mining
31:11 Ballistics
31:44 Bracer
32:45 Chemistry
31:16 Cranequins
32:57 Conscription
33:01 Leather Archer Armor
32:52 Heavy Mounted Crossbowman
33:44 Pikeman
34:24 Squires
35:02 Scale Mail Armor
36:00 Siege Engineers
36:25 Halberdier
38:01 Chain Mail Armor
37:57 Forging
38:43 Hoardings
40:50 Plate Mail Armor
40:56 Iron Casting
40:58 Crop Rotation
40:45 Onager
43:11 Blast Furnace
Zaffo
10:35 Feudal Age
11:05 Feudal Age
12:34 Horse Collar
12:39 Double-Bit Axe
15:01 Castle Age
13:49 Fletching
15:49 Heavy Plow
15:59 Bow Saw
18:13 Bodkin Arrow
29:35 Imperial Age
27:40 Wheelbarrow
28:18 Padded Archer Armor
29:24 Leather Archer Armor
29:26 Hand Cart
28:57 Loom
28:58 Town Watch
30:07 Gold Mining
31:49 Ballistics
34:32 Elite Skirmisher
36:02 Conscription
35:53 Malon
38:47 Chemistry
41:48 Pikeman
Malelf
11:09 Feudal Age
12:05 Double-Bit Axe
14:53 Castle Age
12:48 Horse Collar
15:55 Bow Saw
16:19 Heavy Plow
16:59 Wheelbarrow
22:15 Gold Mining
22:29 Loom
27:01 Imperial Age
24:50 Hand Cart
25:22 Stone Mining
27:26 Gold Shaft Mining
26:25 Man-at-Arms
27:06 Squires
27:09 Scale Mail Armor
27:20 Forging
27:00 Town Watch
27:59 Ballistics
27:50 Masonry
27:20 Long Swordsman
28:18 Chain Mail Armor
28:40 Legionary
30:09 Crop Rotation
30:23 Iron Casting
32:18 Blast Furnace
38:53 Caravan
RoR | Boris
8:42 Feudal Age
9:12 Horse Collar
9:23 Gold Mining
9:19 Double-Bit Axe
9:55 Stone Mining
16:32 Castle Age
17:28 Heavy Plow
17:40 Bow Saw
18:36 Wheelbarrow
20:19 Town Watch
22:37 Hand Cart
23:35 Gold Shaft Mining
27:45 Imperial Age
25:02 Loom
25:38 Padded Archer Armor
26:19 Stone Shaft Mining
27:09 Scale Barding Armor
27:15 Forging
27:58 Tuntian
27:48 Treadmill Crane
28:30 Chain Barding Armor
28:52 Bloodlines
28:42 Husbandry
30:04 Chemistry
29:41 Conscription
30:03 Fortified Wall
31:01 Hoardings
31:54 Ming Guang Armor
32:12 Elite Tiger Cavalry
33:47 Light Cavalry
38:25 Iron Casting
38:06 Hussar
39:11 Ballistics
38:43 Fletching
40:28 Bodkin Arrow
41:16 Murder Holes
[R1] 12Tirador
11:27 Feudal Age
12:28 Double-Bit Axe
15:10 Castle Age
13:12 Horse Collar
14:16 Loom
16:03 Bow Saw
28:01 Imperial Age
26:13 Treadmill Crane
26:53 Masonry
27:33 Gold Mining
28:52 Wheelbarrow
29:48 Chemistry
29:13 Conscription
35:50 Fortified Wall
36:13 Architecture
36:18 Scale Barding Armor
36:27 Farimba
36:50 Hand Cart
37:13 Bloodlines
37:03 Husbandry
38:04 Chain Barding Armor
37:56 Forging
37:28 Heavy Camel Rider
37:50 Light Cavalry
38:07 Cavalier
39:23 Plate Barding Armor
39:00 Forging
39:51 Heavy Plow
39:44 Town Watch
41:30 Iron Casting
40:46 Fletching
42:48 Ballistics
Mark Renton
8:35 Loom
10:31 Feudal Age
14:28 Castle Age
13:04 Double-Bit Axe
15:09 Husbandry
15:53 Bow Saw
17:14 Loom
17:35 Horse Collar
21:18 Wheelbarrow
21:18 Heavy Plow
22:21 Town Watch
28:00 Imperial Age
26:22 Bloodlines
27:51 Hand Cart
28:53 Cavalier
29:40 Scale Barding Armor
29:45 Forging
29:55 Szlachta Privileges
31:30 Chemistry
31:19 Chain Barding Armor
30:34 Light Cavalry
32:24 Iron Casting
33:16 Gold Mining
33:16 Stone Mining
33:05 Winged Hussar
35:06 Blast Furnace
33:57 Fletching
38:41 Coinage
39:31 Crop Rotation
39:56 Bodkin Arrow
40:43 Conscription
40:52 Lechitic Legacy
42:06 Banking
Oni.TaToH
10:16 Feudal Age
14:00 Castle Age
11:46 Double-Bit Axe
12:22 Horse Collar
15:02 Bow Saw
16:26 Wheelbarrow
18:10 Gold Mining
19:49 Stone Mining
21:22 Hand Cart
21:07 Town Watch
21:08 Loom
26:37 Imperial Age
24:37 Scale Mail Armor
25:00 Fletching
25:33 Ballistics
25:31 Squires
25:45 Bodkin Arrow
26:32 Padded Archer Armor
26:50 Chain Mail Armor
26:29 Pikeman
28:19 Chemistry
27:24 Arson
28:30 Conscription
28:06 Guard Tower
28:48 Plate Mail Armor
28:54 Heavy Plow
30:23 Arrowslits
30:02 Halberdier
31:24 Padded Archer Armor
31:36 Siege Engineers
33:03 Coinage
33:36 Two-Man Saw
33:19 Leather Archer Armor
33:46 Masonry
34:26 Banking
34:07 Guilds
34:28 Crop Rotation
34:32 Ironclad
33:59 Onager
35:29 Hoardings
36:34 Crenellations
37:03 Forging
37:25 Ring Archer Armor
37:32 Siege Onager
FLY_galen . CQ
10:26 Feudal Age
15:02 Castle Age
13:03 Double-Bit Axe
13:09 Horse Collar
15:01 Town Watch
16:45 Bow Saw
16:37 Heavy Plow
17:47 Town Watch
22:55 Wheelbarrow
22:07 Town Watch
22:10 Loom
22:23 Gold Mining
23:49 Scale Mail Armor
24:00 Forging
27:19 Imperial Age
24:58 Squires
25:55 Chain Mail Armor
26:16 Iron Casting
25:03 Pikeman
25:55 Arson
26:54 Stone Mining
27:40 Gold Shaft Mining
26:59 Fletching
27:10 Padded Archer Armor
28:32 Plate Mail Armor
29:02 Blast Furnace
27:38 Halberdier
28:27 Gambesons
36:34 Chemistry
36:38 Coinage
37:36 Capped Ram
38:12 Onager
40:22 Banking
40:42 Siege Engineers
40:50 Capped Ram
42:12 Conscription
42:48 Hand Cart
43:09 Kataparuto
43:58 Two-Man Saw
Connection lost

Rejoining the realm…

Still unreachable

The connection could not be restored.

Session expired

The server has moved on; the page needs a fresh start.